 Dungeon Crawl Stone Soup version 0.17-a0-18-gc25b939 (webtiles) character file.

797093 Ololoev the Cloud Mage (level 27, -7/278 HPs)
             Began as an Ogre Hunter on Mar 5, 2015.
             Was the Champion of Makhleb.
             Mangled by a stone giant (8 damage)
             ... on level 11 of a ziggurat on Mar 6, 2015.
             The game lasted 07:41:47 (107308 turns).

Ololoev the Cloud Mage (Ogre Hunter)              Turns: 107308, Time: 07:42:17

Health: -7/278     AC: 35    Str: 30    XL:     27
Magic:  47/53      EV: 21    Int: 24    God:    Makhleb [******]
Gold:   6321       SH:  0    Dex: 23    Spells: 7 memorised, 42 levels left

rFire  + . .     SeeInvis +     a - +9 giant spiked club (chaos)
rCold  + . .     Clarity  +     O - +10 pearl dragon armour "Mnoakhog" {+Inv rN+ rCorr MP+9 Dex+3}
rNeg   + + +     SustAb   .     (shield restricted)
rPois  .         Gourm    .     R - +2 hat "Twad" {Int+5}
rElec  +         Spirit   .     y - +2 cloak {MR+}
rCorr  +         Warding  .     (gloves unavailable)
rMut   .         Stasis   .     (boots unavailable)
MR     +++..                    o - amulet of Exhibitionism {Clar rElec rN+ SInv}
Stlth  ..........               t - ring "Irghyskuu" {rF+ rN+ Str+3 Int+6 Slay+3 Stlth-}
                                P - ring "Irusiasa" {rC+ rN+ Dex+4}

@: stone skin, regenerating, studying 2 skills, deflect missiles, extremely
resistant to hostile enchantments, extremely unstealthy
A: unfitting armour, horns 1, agile 1, tough skin 1
a: Minor Destruction, Lesser Servant of Makhleb, Major Destruction, Greater
Servant of Makhleb, Renounce Religion, Evoke Invisibility
}: 6/15 runes: decaying, slimy, silver, abyssal, demonic, gossamer


You were on level 11 of a ziggurat.
You worshipped Makhleb.
Makhleb was exalted by your worship.
You were not hungry.

You visited 11 branches of the dungeon, and saw 60 of its levels.
You visited Pandemonium 1 time, and saw 4 of its levels.
You visited the Abyss 5 times.
You visited 2 ziggurats, and saw 25 of their levels (deepest: 14).
You also visited: Trove, Bailey, Ice Cave and Volcano.

You collected 12083 gold pieces.
You spent 5762 gold pieces at shops.

Notes
Turn   | Place    | Note
--------------------------------------------------------------
     0 | D:1      | Ololoev, the Ogre Hunter, began the quest for the Orb.
     0 | D:1      | Reached XP level 1. HP: 22/22 MP: 1/1
   411 | D:1      | Reached XP level 2. HP: 29/29 MP: 2/2
   522 | D:1      | Reached skill level 1 in Maces & Flails
  1208 | D:2      | Reached XP level 3. HP: 27/36 MP: 3/3
  2100 | D:2      | Reached XP level 4. HP: 17/44 MP: 4/4
  3163 | D:2      | Reached skill level 5 in Maces & Flails
  3349 | D:2      | Reached XP level 5. HP: 15/50 MP: 5/5
  3923 | D:3      | Reached skill level 6 in Maces & Flails
  4074 | D:3      | Found a burning altar of Makhleb.
  4331 | D:3      | Reached skill level 7 in Maces & Flails
  4331 | D:3      | Reached XP level 6. HP: 34/59 MP: 6/6
  4785 | D:4      | Noticed Duvessa
  4785 | D:4      | Noticed Dowan
  4786 | D:4      | Found a deep blue altar of Sif Muna.
  4803 | D:4      | Killed Duvessa
  4803 | D:4      | Reached skill level 8 in Maces & Flails
  4805 | D:4      | Killed Dowan
  5031 | D:4      | Reached XP level 7. HP: 66/66 MP: 7/7
  5047 | D:4      | Noticed Grinder
  5051 | D:4      | Killed Grinder
  5051 | D:4      | Reached skill level 9 in Maces & Flails
  5051 | D:4      | Reached skill level 5 in Throwing
  5232 | D:4      | Reached skill level 10 in Maces & Flails
  5309 | D:4      | Noticed Natasha
  5314 | D:4      | Killed Natasha
  5314 | D:4      | Reached XP level 8. HP: 74/74 MP: 8/8
  5766 | D:4      | Noticed Natasha
  5767 | D:4      | Killed Natasha
  5832 | D:4      | Noticed Natasha
  5834 | D:4      | Killed Natasha
  6057 | D:5      | Entered Level 5 of the Dungeon
  6680 | D:5      | Reached skill level 11 in Maces & Flails
  6791 | D:5      | Found a radiant altar of Vehumet.
  6928 | D:5      | Found a staircase to the Ecumenical Temple.
  6936 | Temple   | Entered the Ecumenical Temple
  7116 | Temple   | Became a worshipper of Warmaster Okawaru
  7319 | D:5      | Got an ancient scale mail
  7340 | D:5      | Found Jealagia's Gadget Shop.
  7354 | D:5      | Found Vosu's Armour Shoppe.
  7361 | D:5      | Bought a +2 cloak for 165 gold pieces
  7407 | D:5      | Found a shadowy altar of Dithmenos.
  7411 | D:5      | Found a glowing golden altar of the Shining One.
  7636 | D:6      | Found Vaafulum's General Store.
  7648 | D:6      | Bought a potion of heal wounds for 70 gold pieces
  7648 | D:6      | Bought a potion of agility for 56 gold pieces
  7648 | D:6      | Bought a scroll of identify for 28 gold pieces
  7660 | D:6      | Noticed Pikel
  7665 | D:6      | Noticed Eustachio
  7671 | D:6      | Killed Pikel
  7671 | D:6      | Reached skill level 12 in Maces & Flails
  7671 | D:6      | Reached XP level 9. HP: 75/80 MP: 9/9
  7684 | D:6      | Killed Eustachio
  7791 | D:6      | Acquired Okawaru's first power
  8207 | D:7      | Reached skill level 13 in Maces & Flails
  8410 | D:7      | Noticed Edmund
  8802 | D:7      | Reached skill level 14 in Maces & Flails
  9004 | D:7      | Killed Edmund
  9242 | D:7      | Reached XP level 10. HP: 82/92 MP: 10/10
  9635 | D:6      | Bought a potion of brilliance for 56 gold pieces
  9837 | D:8      | Reached skill level 5 in Fighting
 10307 | D:8      | Found a white marble altar of Elyvilon.
 10420 | D:8      | Found a bloodstained altar of Trog.
 10554 | D:8      | Reached skill level 10 in Throwing
 11300 | D:9      | Noticed Gastronok
 11311 | D:9      | Killed Gastronok
 11575 | D:9      | Found a blossoming altar of Fedhas.
 11750 | D:10     | Entered Level 10 of the Dungeon
 11759 | D:10     | Received a gift from Okawaru
 11781 | D:10     | Reached XP level 11. HP: 105/115 MP: 11/11
 12633 | D:10     | Acquired Okawaru's second power
 12633 | D:10     | Reached skill level 10 in Fighting
 13496 | D:10     | Got a translucent leather armour
 13582 | D:10     | Noticed an unseen horror
 13596 | D:10     | Killed an unseen horror
 13793 | D:11     | Noticed a hill giant
 13796 | D:11     | Killed a hill giant
 13836 | D:11     | Received a gift from Okawaru
 13917 | D:11     | Reached skill level 15 in Maces & Flails
 14234 | D:11     | Found a staircase to the Orcish Mines.
 14284 | D:11     | Found a staircase to the Lair.
 14473 | D:11     | Received a gift from Okawaru
 14542 | D:11     | Reached XP level 12. HP: 50/130 MP: 12/12
 14941 | D:11     | Noticed a hill giant
 14950 | D:11     | Killed a hill giant
 15341 | D:11     | Gained mutation: You passively map a small area around you. [mutagenic meat]
 16035 | D:12     | Found Prassaecw's Distillery.
 16043 | D:12     | Bought a potion of mutation for 35 gold pieces
 16043 | D:12     | Bought 2 potions of poison for 28 gold pieces
 16043 | D:12     | Bought a potion of decay for 14 gold pieces
 16043 | D:12     | Bought a potion of might for 56 gold pieces
 16043 | D:12     | Bought a potion of invisibility for 112 gold pieces
 16043 | D:12     | Bought a potion of heal wounds for 70 gold pieces
 16093 | D:12     | Received a gift from Okawaru
 16334 | D:12     | Reached skill level 16 in Maces & Flails
 16341 | D:12     | Found a frozen archway.
 16578 | IceCv    | Entered an ice cave
 18435 | IceCv    | Reached skill level 1 in Invocations
 18608 | D:12     | Reached XP level 13. HP: 79/144 MP: 17/17
 18809 | Lair:1   | Entered Level 1 of the Lair of Beasts
 20771 | Lair:1   | Noticed Prince Ribbit
 20792 | Lair:1   | Killed Prince Ribbit
 20840 | Lair:1   | Reached skill level 5 in Invocations
 21781 | Lair:2   | Reached skill level 17 in Maces & Flails
 21791 | Lair:2   | Received a gift from Okawaru
 21793 | Lair:2   | Got a dazzling ice dragon armour {god gift}
 21804 | Lair:2   | Identified the +11 ice dragon armour of Restlessness {rF- rC++ rCorr Dex+2} (Okawaru gifted it to you on level 2 of the Lair of Beasts)
 22420 | Lair:2   | Reached skill level 1 in Armour
 22749 | Lair:3   | Found a dark tunnel.
 22758 | Volcano  | Entered a volcano
 23785 | Lair:3   | Found a hole to the Spider Nest.
 24522 | Lair:4   | Found a staircase to the Swamp.
 25716 | Lair:5   | Reached XP level 14. HP: 147/154 MP: 22/22
 25796 | Lair:6   | Reached skill level 5 in Dodging
 26384 | Lair:6   | Reached skill level 5 in Armour
 26635 | Lair:7   | Received a gift from Okawaru
 26820 | Lair:7   | Found a staircase to the Slime Pits.
 26928 | Lair:7   | Received a gift from Okawaru
 26929 | Lair:7   | Got a fine robe {god gift}
 27358 | Lair:8   | Entered Level 8 of the Lair of Beasts
 27487 | Lair:8   | Identified the Reference Book on Warped Changing
 27704 | Lair:8   | Reached skill level 18 in Maces & Flails
 28252 | Lair:8   | Received a gift from Okawaru
 28260 | Lair:8   | Reached XP level 15. HP: 104/162 MP: 23/23
 28520 | Lair:8   | Received a gift from Okawaru
 29015 | Orc:1    | Entered Level 1 of the Orcish Mines
 29195 | Orc:2    | Found a roughly hewn altar of Beogh.
 29479 | Orc:3    | Found a roughly hewn altar of Beogh.
 30197 | Orc:3    | Found Qoix's Book Emporium.
 30361 | Orc:3    | Noticed Grum
 30372 | Orc:3    | Killed Grum
 30480 | Orc:3    | Received a gift from Okawaru
 30751 | Orc:4    | Entered Level 4 of the Orcish Mines
 30792 | Orc:4    | Received a gift from Okawaru
 31149 | Orc:4    | Found Ciagruis' Antique Armour Boutique.
 31212 | Orc:4    | Found a roughly hewn altar of Beogh.
 31330 | Orc:4    | Found Qosu's Antique Weapon Shop.
 31809 | Orc:4    | Found a staircase to the Elven Halls.
 32273 | Orc:4    | Found Weege's Assorted Antiques.
 32284 | Orc:4    | Received a gift from Okawaru
 32324 | Orc:4    | Bought a scintillating turquoise ring for 170 gold pieces
 32325 | Orc:4    | Identified the ring "Irusiasa" {rC+ rN+ Dex+4} (You bought it in a shop on level 4 of the Orcish Mines)
 32342 | Orc:4    | Found a roughly hewn altar of Beogh.
 32358 | Orc:4    | Found Gompanwa's Assorted Antiques.
 32413 | Orc:4    | Bought a scroll of identify for 58 gold pieces
 32413 | Orc:4    | Bought a scroll of enchant weapon for 217 gold pieces
 32624 | Orc:4    | Received a gift from Okawaru
 32720 | Orc:4    | Reached skill level 19 in Maces & Flails
 33136 | D:13     | Found Klec Esi's Assorted Antiques.
 33144 | D:13     | Reached skill level 10 in Dodging
 33209 | D:13     | Found a flagged portal.
 33222 | Bailey   | Entered a bailey
 33729 | D:13     | Received a gift from Okawaru
 33729 | D:13     | Reached XP level 16. HP: 163/171 MP: 24/24
 34033 | D:13     | Received a gift from Okawaru
 34090 | D:14     | Found Dufyluin's Distillery.
 34167 | D:14     | Found Oseit's Jewellery Shoppe.
 34200 | D:14     | Bought the amulet of Afrier {Faith Str+5 Int+5 Stlth-} for 999 gold pieces
 34234 | D:14     | Found Sanif's Book Shoppe.
 34239 | D:14     | Bought a book of Cantrips for 260 gold pieces
 34241 | D:14     | Learned a level 1 spell: Apportation
 34255 | D:14     | Found Qaevaege's Antique Weapon Boutique.
 34283 | D:14     | Found Gyom's Antique Armour Shop.
 34321 | D:14     | Reached skill level 10 in Armour
 34333 | D:14     | Reached skill level 1 in Translocations
 34347 | D:14     | Found a gate to the Vaults.
 34568 | D:14     | Received a gift from Okawaru
 34647 | D:14     | Learned a level 2 spell: Swiftness
 34805 | D:15     | Entered Level 15 of the Dungeon
 34977 | D:15     | Found a staircase to the Depths.
 35856 | Swamp:1  | Entered Level 1 of the Swamp
 36004 | Swamp:1  | Noticed Nessos
 36011 | Swamp:1  | Killed Nessos
 36972 | Swamp:2  | Reached skill level 1 in Spellcasting
 37111 | Swamp:2  | Noticed Asterion
 37120 | Swamp:2  | Killed Asterion
 37141 | Swamp:2  | Received a gift from Okawaru
 37142 | Swamp:2  | Got an ancient cloak {god gift}
 37218 | Swamp:2  | Identified the +1 cloak of Disguise {Int+6} (Okawaru gifted it to you on level 2 of the Swamp)
 37328 | Swamp:2  | Noticed Jorgrun
 37445 | Swamp:2  | Killed Jorgrun
 38143 | Swamp:3  | Noticed Saint Roka
 38181 | Swamp:3  | Killed Saint Roka
 38181 | Swamp:3  | Reached XP level 17. HP: 37/179 MP: 18/25
 38913 | Swamp:4  | Received a gift from Okawaru
 39185 | Swamp:4  | Noticed Mara
 39454 | Swamp:4  | Reached skill level 1 in Evocations
 39588 | Swamp:4  | Noticed Ololoev's illusion
 39741 | Swamp:4  | Killed Mara
 39755 | Swamp:4  | Killed Mara
 40133 | Swamp:4  | Reached skill level 20 in Maces & Flails
 40767 | Swamp:5  | Entered Level 5 of the Swamp
 40969 | Swamp:5  | Paralysed by a hornet for 2 turns
 41186 | Swamp:5  | Received a gift from Okawaru
 41197 | Swamp:5  | Gained mutation: You possess an exceptional clarity of mind. [mutagenic meat]
 41475 | Swamp:5  | Got a decaying rune of Zot
 41661 | Swamp:5  | Received a gift from Okawaru
 41684 | Swamp:5  | Noticed Nikola
 41700 | Swamp:5  | Killed Nikola
 41700 | Swamp:5  | Received a gift from Okawaru
 41889 | Swamp:5  | Learned a level 9 spell: Tornado
 42482 | Lair:2   | Reached skill level 1 in Charms
 42641 | Vaults:1 | Entered Level 1 of the Vaults
 42657 | Vaults:1 | Received a gift from Okawaru
 42689 | Vaults:1 | Gained mutation: Your muscles are strong. (Str +2) [potion of beneficial mutation]
 42717 | Vaults:1 | Reached XP level 18. HP: 184/188 MP: 28/28
 42747 | Vaults:1 | Reached skill level 5 in Evocations
 43527 | Vaults:1 | Received a gift from Okawaru
 43563 | Vaults:1 | Received a gift from Okawaru
 43814 | Vaults:1 | Received a gift from Okawaru
 43871 | Vaults:1 | Received a gift from Okawaru
 44011 | Vaults:1 | Received a gift from Okawaru
 44375 | Vaults:1 | Received a gift from Okawaru
 45855 | Vaults:2 | Found Iqovet's General Store.
 45862 | Vaults:2 | Bought a scroll of identify for 36 gold pieces
 45862 | Vaults:2 | Bought a scroll of acquirement for 936 gold pieces
 45864 | Vaults:2 | Got a polished giant spiked club
 45865 | Vaults:2 | Identified the +4 giant spiked club of Focus {freeze, SInv} (You acquired it on level 2 of the Vaults)
 46184 | Vaults:2 | Reached XP level 19. HP: 186/198 MP: 27/29
 46192 | Vaults:2 | Reached skill level 21 in Maces & Flails
 46561 | Vaults:2 | Received a gift from Okawaru
 46582 | Vaults:2 | Got a warped great mace {god gift}
 46583 | Vaults:2 | Identified the +1 great mace of the Lettuce {crush, rF++ MR- Str+4} (Okawaru gifted it to you on level 2 of the Vaults)
 47154 | Vaults:2 | Noticed a lich
 47167 | Vaults:2 | Killed a lich
 47177 | Vaults:2 | Received a gift from Okawaru
 47611 | Vaults:3 | Reached skill level 15 in Fighting
 47978 | Vaults:3 | Noticed Frederick
 47994 | Vaults:3 | Killed Frederick
 48439 | Vaults:3 | Reached skill level 5 in Charms
 48598 | Vaults:3 | Received a gift from Okawaru
 48608 | Vaults:3 | Got a fine giant club {god gift}
 48616 | Vaults:3 | Identified the +5 giant club of the Orcish Mines {flame, +Inv rElec rC- SInv} (Okawaru gifted it to you on level 3 of the Vaults)
 49347 | Vaults:3 | Reached XP level 20. HP: 199/211 MP: 31/31
 49417 | Vaults:3 | Reached skill level 1 in Air Magic
 49709 | Vaults:3 | Received a gift from Okawaru
 49856 | Vaults:3 | Found a staircase to the Crypt.
 49979 | Vaults:3 | Found Circhis' Distillery.
 49996 | Vaults:3 | Received a gift from Okawaru
 50012 | Vaults:3 | Bought a potion of beneficial mutation for 560 gold pieces
 50012 | Vaults:3 | Gained mutation: You can spit poison. [potion of beneficial mutation]
 50331 | Vaults:4 | Received a gift from Okawaru
 50345 | Vaults:4 | Got a transparent great mace {god gift}
 50346 | Vaults:4 | Identified the -2 great mace "Zaaty" {antimagic, +Rage rF+ Str+6} (Okawaru gifted it to you on level 4 of the Vaults)
 50575 | Vaults:4 | Found a deep blue altar of Sif Muna.
 51116 | Vaults:4 | Received a gift from Okawaru
 51117 | Vaults:4 | Got a bloodstained cloak {god gift}
 51132 | Vaults:4 | Identified the +0 cloak of Okawaru's Castigation {rN+ Slay+3} (Okawaru gifted it to you on level 4 of the Vaults)
 51184 | Vaults:4 | Upgraded the game from 0.17-a0-15-g0155121 to 0.17-a0-18-gc25b939
 52036 | Vaults:4 | Reached skill level 5 in Air Magic
 53736 | Elf:1    | Entered Level 1 of the Elven Halls
 53778 | Elf:1    | Found Ytuih's Jewellery Shop.
 53784 | Elf:1    | Bought the ring "Crimmana" {rPois rF+ Int-2 Dex+4 Stlth-} for 328 gold pieces
 53788 | Elf:1    | Noticed Roxanne
 53797 | Elf:1    | Killed Roxanne
 53799 | Elf:1    | Identified Roxanne's Papyrus of the Mountains and Transformation (You took it off Roxanne on level 1 of the Elven Halls)
 53943 | Elf:1    | Received a gift from Okawaru
 53951 | Elf:1    | Reached XP level 21. HP: 220/222 MP: 32/32
 54814 | Elf:2    | Found a runed gate.
 54814 | Elf:2    | Found a runed gate.
 54818 | Elf:2    | Found a runed gate.
 54857 | Elf:2    | Found Cufeen's Magic Scroll Emporium.
 54874 | Elf:2    | Bought a scroll of holy word for 112 gold pieces
 54874 | Elf:2    | Bought a scroll of identify for 30 gold pieces
 54887 | Elf:2    | Found a burning altar of Makhleb.
 55237 | Elf:2    | Noticed Aizul
 55253 | Elf:2    | Killed Aizul
 55924 | Elf:3    | Entered Level 3 of the Elven Halls
 56346 | Elf:3    | Received a gift from Okawaru
 56494 | Elf:3    | Received a gift from Okawaru
 56621 | Elf:3    | Reached skill level 10 in Air Magic
 56895 | Elf:3    | Received a gift from Okawaru
 58735 | Spider:1 | Entered Level 1 of the Spider Nest
 58828 | Spider:1 | Received a gift from Okawaru
 58833 | Spider:1 | Reached XP level 22. HP: 231/231 MP: 32/32
 59613 | Spider:2 | Received a gift from Okawaru
 59614 | Spider:2 | Got a crude cloak {god gift}
 59625 | Spider:2 | Identified the +0 cloak of the Many Curses {rElec Int-5 Dex+2} (Okawaru gifted it to you on level 2 of the Spider Nest)
 60398 | Spider:3 | Noticed Agnes
 60408 | Spider:3 | Killed Agnes
 60843 | Spider:3 | Got a twitching granite ring
 60854 | Spider:3 | Identified the ring of Pliagg {rPois rF+ Str-4 Dex+3} (You found it on level 3 of the Spider Nest)
 61772 | Spider:5 | Entered Level 5 of the Spider Nest
 62038 | Spider:5 | Received a gift from Okawaru
 62069 | Spider:5 | Received a gift from Okawaru
 62444 | Spider:5 | Got a gossamer rune of Zot
 63195 | Depths:1 | Entered Level 1 of the Depths
 63235 | Depths:1 | Learned a level 4 spell: Control Teleport
 64103 | Depths:1 | Got an ichor-stained giant spiked club
 64104 | Depths:1 | Identified the +4 giant spiked club of the Viper {crush, +Blink rPois rF- MP+9 Dex-5} (You acquired it on level 1 of the Depths)
 64220 | Depths:1 | Found a one-way gate leading to the halls of Pandemonium.
 64568 | Depths:1 | Received a gift from Okawaru
 64662 | Depths:1 | Reached XP level 23. HP: 148/239 MP: 33/33
 64947 | Depths:1 | Found a gateway to Hell.
 65198 | Depths:1 | Reached skill level 15 in Air Magic
 65913 | Depths:2 | Found an ancient bone altar of Kikubaaqudgha.
 66229 | Depths:2 | Received a gift from Okawaru
 67865 | Depths:3 | Received a gift from Okawaru
 68776 | Depths:3 | Received a gift from Okawaru
 69253 | Depths:3 | Reached XP level 24. HP: 239/248 MP: 34/34
 70149 | Depths:3 | Found a runed door.
 70839 | Depths:3 | Got a clouded pewter amulet
 70840 | Depths:3 | Identified the amulet of Exhibitionism {Clar rElec rN+ SInv} (You found it on level 3 of the Depths)
 70877 | Depths:3 | Found a one-way gate to the infinite horrors of the Abyss.
 70993 | Depths:3 | Found a gateway to a ziggurat.
 71236 | Depths:3 | Received a gift from Okawaru
 71359 | Depths:3 | Got a pitted marble ring
 71363 | Depths:3 | Identified the ring of the Scarab {SustAb +Fly rElec rC+ MR- Int+5} (You found it on level 3 of the Depths)
 71560 | Depths:4 | Received a gift from Okawaru
 71730 | Depths:4 | Found a stormy altar of Qazlal.
 72293 | Depths:4 | Got a brightly glowing hat
 72304 | Depths:4 | Identified the +2 hat "Twad" {Int+5} (You acquired it on level 4 of the Depths)
 73202 | Depths:5 | Entered Level 5 of the Depths
 73224 | Depths:5 | Gained mutation: You evolve. [potion of beneficial mutation]
 73377 | Depths:5 | Reached XP level 25. HP: 174/256 MP: 32/34
 73458 | Depths:5 | Received a gift from Okawaru
 73459 | Depths:5 | Got a bloodstained giant spiked club {god gift}
 73462 | Depths:5 | Identified the -2 giant spiked club of Virtue {freeze, +Inv rF+ Str-3} (Okawaru gifted it to you on level 5 of the Depths)
 74300 | Depths:5 | Found a gate to the Realm of Zot.
 74332 | Depths:5 | Found a portal to a secret trove of treasure.
 74373 | Depths:5 | You paid a toll of 16 scrolls of teleportation to enter a treasure trove
 74374 | Trove    | Entered a treasure trove
 74382 | Trove    | Got a jewelled cloak
 74384 | Trove    | Got a steaming hat
 74390 | Trove    | Got a heavily runed pearl dragon armour
 74401 | Trove    | Identified the cursed -5 cloak of Grace {rF- MP+9 Str+3 Dex+4} (You found it in a treasure trove)
 74411 | Trove    | Identified the +0 hat of Ennui {rElec rF- Slay+3 SInv Stlth+} (You found it in a treasure trove)
 74433 | Trove    | Identified the +10 pearl dragon armour "Mnoakhog" {+Inv rN+ rCorr MP+9 Dex+3} (You found it in a treasure trove)
 75952 | Crypt:1  | Entered Level 1 of the Crypt
 76714 | Crypt:1  | Identified the Reference Book on Earth and Attacks
 76885 | Crypt:1  | Gained mutation: You expend magic power (3 MP) to slightly strengthen your wands. [evolution]
 76972 | Crypt:2  | Noticed Margery
 76979 | Crypt:2  | Killed Margery
 76979 | Crypt:2  | Received a gift from Okawaru
 77618 | Crypt:2  | Learned a level 2 spell: Repel Missiles
 77622 | Crypt:2  | Learned a level 3 spell: Flight
 77788 | Crypt:2  | Received a gift from Okawaru
 77839 | Crypt:3  | Entered Level 3 of the Crypt
 78731 | Crypt:3  | Got a scorched steel ring
 78731 | Crypt:3  | Got a vibrating brass ring
 78733 | Crypt:3  | Identified the ring "Roxis" {rN+ MP+9 Int+5} (You found it on level 3 of the Crypt)
 78736 | Crypt:3  | Identified the ring of the Firefly {rPois rN+ Int-4 Dex+4} (You found it on level 3 of the Crypt)
 78872 | Crypt:3  | Found a staircase to the Tomb.
 79472 | Crypt:3  | Found an ancient bone altar of Kikubaaqudgha.
 79561 | Crypt:3  | Learned a level 3 spell: Regeneration
 80209 | Crypt:3  | Reached XP level 26. HP: 208/265 MP: 35/35
 81947 | Depths:3 | Voluntarily entered the Abyss.
 81947 | Abyss:1  | Found a corrupted altar of Lugonu.
 81972 | Abyss:1  | Found a corrupted altar of Lugonu.
 81979 | Abyss:1  | Found a corrupted altar of Lugonu.
 81987 | Abyss:1  | Found a corrupted altar of Lugonu.
 82064 | Abyss:1  | Found a corrupted altar of Lugonu.
 82074 | Abyss:2  | Found an opulent altar of Gozag.
 82236 | Abyss:2  | Found a corrupted altar of Lugonu.
 82426 | Abyss:2  | Found a corrupted altar of Lugonu.
 82442 | Abyss:2  | Found a corrupted altar of Lugonu.
 82507 | Abyss:2  | Found a corrupted altar of Lugonu.
 82567 | Abyss:2  | Received a gift from Okawaru
 82633 | Abyss:2  | Found a corrupted altar of Lugonu.
 82645 | Abyss:2  | Found a corrupted altar of Lugonu.
 83167 | Abyss:3  | Got an abyssal rune of Zot
 83288 | Abyss:3  | Found a corrupted altar of Lugonu.
 83540 | Depths:3 | Escaped the Abyss
 84657 | D:12     | Bought a potion of curing for 42 gold pieces
 84657 | D:12     | Bought a potion of brilliance for 56 gold pieces
 84730 | D:14     | Bought a potion of resistance for 160 gold pieces
 84730 | D:14     | Bought a potion of brilliance for 64 gold pieces
 84730 | D:14     | Bought a potion of brilliance for 64 gold pieces
 84907 | Pan      | Entered Pandemonium
 85174 | Pan      | Noticed Wiuleuco the pandemonium lord
 85204 | Pan      | Killed Wiuleuco the pandemonium lord
 85572 | Pan      | Found an exit through the horrors of the Abyss.
 85667 | Pan      | Received a gift from Okawaru
 85853 | Pan      | Reached skill level 22 in Air Magic
 85877 | Pan      | Received a gift from Okawaru
 86509 | Pan      | Reached skill level 5 in Spellcasting
 87727 | Pan      | Found an exit through the horrors of the Abyss.
 88048 | Pan      | Received a gift from Okawaru
 88139 | Pan      | Reached XP level 27. HP: 109/273 MP: 37/37
 88663 | Pan      | Gained mutation: You are frail (-10% HP). [a neqoxec]
 88717 | Pan      | Received a gift from Okawaru
 88914 | Pan      | HP: 12/245 [Ice Fiend (19)]
 89556 | Pan      | Gained mutation: You are agile. (Dex +2) [evolution]
 89670 | Pan      | Received a gift from Okawaru
 89670 | Pan      | Reached skill level 10 in Spellcasting
 89798 | Pan      | Found an exit through the horrors of the Abyss.
 90039 | Pan      | Noticed Muxagho the pandemonium lord
 90049 | Pan      | Killed Muxagho the pandemonium lord
 90484 | Pan      | Gained mutation: Your body is slowly deteriorating. [a neqoxec]
 90486 | Pan      | Gained mutation: You occasionally shout uncontrollably at your foes. [a neqoxec]
 90752 | Pan      | Lost mutation: You expend magic power (3 MP) to slightly strengthen your wands. [potion of cure mutation]
 90752 | Pan      | Lost mutation: Your muscles are strong. (Str +2) [potion of cure mutation]
 90752 | Pan      | Lost mutation: You can spit poison. [potion of cure mutation]
 90753 | Pan      | Lost mutation: Your body is slowly deteriorating. [potion of cure mutation]
 90753 | Pan      | Lost mutation: You are frail (-10% HP). [potion of cure mutation]
 90753 | Pan      | Lost mutation: You are agile. (Dex +2) [potion of cure mutation]
 90753 | Pan      | Lost mutation: You passively map a small area around you. [potion of cure mutation]
 91749 | Pan      | Noticed Tesiry Tial the pandemonium lord
 91757 | Pan      | Killed Tesiry Tial the pandemonium lord
 92026 | Pan      | Reached skill level 23 in Air Magic
 92057 | Pan      | Got a demonic rune of Zot
 92118 | Pan      | Received a gift from Okawaru
 92247 | Pan      | Found an exit through the horrors of the Abyss.
 92264 | Pan      | Found a gateway to a ziggurat.
 92277 | Zig:1    | Entered Level 1 of a ziggurat
 92369 | Zig:2    | Entered Level 2 of a ziggurat
 92418 | Zig:3    | Entered Level 3 of a ziggurat
 92418 | Zig:3    | Noticed an ancient lich
 92436 | Zig:3    | Killed an ancient lich
 92453 | Zig:3    | Identified Sif Muna's Reference Book on Evil Arts and Poison
 92504 | Zig:4    | Entered Level 4 of a ziggurat
 92674 | Zig:5    | Entered Level 5 of a ziggurat
 92780 | Zig:6    | Entered Level 6 of a ziggurat
 92985 | Zig:7    | Entered Level 7 of a ziggurat
 93231 | Zig:8    | Entered Level 8 of a ziggurat
 93292 | Zig:8    | Identified the Guide on Augmentations
 93308 | Zig:9    | Entered Level 9 of a ziggurat
 93404 | Zig:9    | Identified Xafedd's Reference Book on Execration
 93415 | Zig:9    | Got a glittering crystal amulet
 93416 | Zig:9    | Identified the amulet "Geaseal" {Spirit Int+5} (You found it on level 9 of a ziggurat)
 93532 | Zig:10   | Entered Level 10 of a ziggurat
 93592 | Zig:10   | Got an iridescent giant club
 93593 | Zig:10   | Identified the +3 giant club of the Tiger {crush, +Inv Str+7 Dex+4} (You acquired it on level 10 of a ziggurat)
 93611 | Zig:10   | Identified Brigolav's Collected Works on the Entourage
 93615 | Zig:10   | Reached skill level 15 in Spellcasting
 93624 | Zig:11   | Entered Level 11 of a ziggurat
 93642 | Zig:11   | Received a gift from Okawaru
 93651 | Zig:11   | Received a gift from Okawaru
 93724 | Zig:11   | Identified the Volume of Unstable Clay
 93732 | Zig:11   | Got a vibrating steel ring
 93734 | Zig:11   | Identified the ring of Strugeocw {rElec rPois rC+ Int-3 Dex+3} (You found it on level 11 of a ziggurat)
 93740 | Zig:11   | Got a bound pewter amulet
 93741 | Zig:11   | Identified the amulet of Surprise {Inacc +Blink MR+ Int-5 SInv} (You found it on level 11 of a ziggurat)
 93744 | Zig:11   | Identified Iskenderun's Collected Works on Igneous Attacks
 93969 | Zig:12   | Entered Level 12 of a ziggurat
 93991 | Zig:12   | Reached skill level 24 in Air Magic
 94008 | Zig:12   | Got a scorched triple sword
 94009 | Zig:12   | Identified the cursed +0 triple sword of Defilement {venom, Noisy rElec Str-3 Dex+4 SInv} (You found it on level 12 of a ziggurat)
 94038 | Zig:13   | Entered Level 13 of a ziggurat
 94186 | Zig:14   | Entered Level 14 of a ziggurat
 94207 | Zig:14   | HP: 10/273 [red devil/vampiric trident (6)]
 94207 | Zig:14   | HP: 4/273 [skeletal warrior/trident (6)]
 94234 | Zig:14   | Got a scorched tin ring
 94236 | Zig:14   | Identified the ring "Sarulauj" {rPois Str+5 Dex-5 Slay+2} (You found it on level 14 of a ziggurat)
 94256 | Zig:14   | Got an ancient diamond amulet
 94257 | Zig:14   | Identified the amulet of Chaitev {rMut rF+ Dex+5} (You found it on level 14 of a ziggurat)
 94306 | Pan      | Received a gift from Okawaru
 94453 | Pan      | Took an exit into the Abyss.
 94453 | Abyss:1  | Escaped into the Abyss
 94532 | Depths:1 | Escaped the Abyss
 95409 | Elf:2    | Fell from the grace of Okawaru
 95409 | Elf:2    | Became a worshipper of Makhleb the Destroyer
 95847 | Depths:3 | Voluntarily entered the Abyss.
 96148 | Abyss:1  | Gained mutation: Armour fits poorly on your strangely shaped body. [evolution]
 96151 | Abyss:1  | Lost mutation: You occasionally shout uncontrollably at your foes. [mutagenic meat]
 96152 | Abyss:1  | Gained mutation: Your mind is acute. (Int +2) [mutagenic meat]
 96243 | Abyss:1  | Acquired Makhleb's first power
 96492 | Abyss:1  | Paralysed by accursed screaming for 1 turns
 97117 | Abyss:1  | Acquired Makhleb's second power
 97765 | Abyss:1  | Identified the Volume of the Oath (You found it on level 1 of the Abyss)
 97767 | Abyss:1  | Identified Vehumet's Tome of Blows and Bruises (You found it on level 1 of the Abyss)
 97781 | Abyss:1  | Identified the Handbook of Talismans (You found it on level 1 of the Abyss)
 97787 | Abyss:1  | Identified the Tome of the Blaze (You found it on level 1 of the Abyss)
 97791 | Abyss:1  | Gained mutation: Your body is slowly deteriorating. [a cacodemon]
 97794 | Abyss:1  | Gained mutation: You are frail (-10% HP). [a cacodemon]
 97795 | Abyss:1  | Identified the Collected Works on Talismans (You found it on level 1 of the Abyss)
 97798 | Abyss:1  | Lost mutation: Armour fits poorly on your strangely shaped body. [potion of cure mutation]
 97798 | Abyss:1  | Lost mutation: You possess an exceptional clarity of mind. [potion of cure mutation]
 97798 | Abyss:1  | Lost mutation: You are frail (-10% HP). [potion of cure mutation]
 97799 | Abyss:1  | Lost mutation: Your mind is acute. (Int +2) [potion of cure mutation]
 97799 | Abyss:1  | Lost mutation: Your body is slowly deteriorating. [potion of cure mutation]
 97799 | Abyss:1  | Lost mutation: You evolve. [potion of cure mutation]
 97840 | Depths:3 | Escaped the Abyss
 97842 | Depths:3 | Voluntarily entered the Abyss.
 98063 | Abyss:1  | Found a corrupted altar of Lugonu.
 98260 | Abyss:1  | Found a corrupted altar of Lugonu.
 98399 | Abyss:1  | Found a corrupted altar of Lugonu.
 98463 | Abyss:1  | Found an opulent altar of Gozag.
 98609 | Abyss:1  | Found a corrupted altar of Lugonu.
 98810 | Abyss:1  | Gained mutation: You expend magic power (3 MP) to slightly strengthen your wands. [a neqoxec]
 98817 | Abyss:1  | Gained mutation: You tend to lose your temper in combat. [a neqoxec]
 98948 | Abyss:1  | Reached skill level 10 in Evocations
 99019 | Abyss:1  | Acquired Makhleb's third power
 99252 | Abyss:1  | Found a corrupted altar of Lugonu.
 99572 | Abyss:1  | Paralysed by accursed screaming for 1 turns
 99595 | Abyss:1  | Found a corrupted altar of Lugonu.
 99922 | Abyss:1  | Found a basalt altar of Yredelemnul.
 99933 | Abyss:1  | Found a corrupted altar of Lugonu.
 99990 | Abyss:1  | Found a viscous altar of Jiyva.
100152 | Abyss:1  | Found a corrupted altar of Lugonu.
100631 | Abyss:1  | Gained mutation: You often lose your temper in combat. [mutagenic meat]
100632 | Abyss:1  | Gained mutation: You have a beak for a mouth. [mutagenic meat]
100636 | Abyss:1  | Found a corrupted altar of Lugonu.
100658 | Abyss:1  | Gained mutation: You possess an exceptional clarity of mind. [a neqoxec]
100696 | Abyss:1  | Reached skill level 1 in Necromancy
100707 | Abyss:1  | Acquired Makhleb's fourth power
100774 | Abyss:1  | Lost mutation: You often lose your temper in combat. [mutagenic meat]
100775 | Abyss:1  | Gained mutation: Your magical capacity is low (-10% MP). [mutagenic meat]
100776 | Abyss:1  | Gained mutation: You are agile. (Dex +2) [mutagenic meat]
100777 | Abyss:1  | Gained mutation: Your mind is acute. (Int +2) [mutagenic meat]
100778 | Abyss:1  | Gained mutation: You have a pair of small horns on your head. [mutagenic meat]
100779 | Abyss:1  | Lost mutation: Your mind is acute. (Int +2) [mutagenic meat]
101510 | Abyss:1  | Gained mutation: Scrolls take you a little longer to read. [mutagenic meat]
101511 | Abyss:1  | Gained mutation: You have a pair of horns on your head. [mutagenic meat]
101848 | Abyss:1  | Found a corrupted altar of Lugonu.
101857 | Abyss:1  | Found a radiant altar of Vehumet.
101861 | Abyss:1  | Found an ancient bone altar of Kikubaaqudgha.
101993 | Abyss:1  | Found a corrupted altar of Lugonu.
102101 | Depths:3 | Escaped the Abyss
102103 | Depths:3 | Voluntarily entered the Abyss.
102323 | Abyss:1  | Acquired Makhleb's fifth power
102392 | Abyss:1  | Was forgiven by Okawaru
102553 | Abyss:1  | Found a corrupted altar of Lugonu.
102621 | Abyss:1  | Gained mutation: Your spells are a little easier to cast, but a little less powerful. [mutagenic meat]
102622 | Abyss:1  | Gained mutation: Scrolls take you longer to read. [mutagenic meat]
102624 | Abyss:1  | Lost mutation: You possess an exceptional clarity of mind. [mutagenic meat]
102770 | Depths:3 | Escaped the Abyss
102956 | D:13     | Bought a potion of beneficial mutation for 980 gold pieces
103361 | Slime:1  | Entered Level 1 of the Pits of Slime
103369 | Slime:2  | Gained mutation: Scrolls take you much longer to read. [a shining eye]
103405 | Slime:2  | Lost mutation: Your magical capacity is low (-10% MP). [potion of mutation]
103406 | Slime:2  | Lost mutation: You tend to lose your temper in combat. [potion of mutation]
103406 | Slime:2  | Gained mutation: Armour fits poorly on your strangely shaped body. [potion of mutation]
103407 | Slime:2  | Lost mutation: Your spells are a little easier to cast, but a little less powerful. [potion of cure mutation]
103407 | Slime:2  | Lost mutation: You have a pair of horns on your head. [potion of cure mutation]
103407 | Slime:2  | Lost mutation: Scrolls take you much longer to read. [potion of cure mutation]
103407 | Slime:2  | Lost mutation: You are agile. (Dex +2) [potion of cure mutation]
103407 | Slime:2  | Lost mutation: You have a pair of small horns on your head. [potion of cure mutation]
103408 | Slime:2  | Lost mutation: Armour fits poorly on your strangely shaped body. [potion of cure mutation]
103408 | Slime:2  | Lost mutation: Scrolls take you longer to read. [potion of cure mutation]
103408 | Slime:2  | Lost mutation: Scrolls take you a little longer to read. [potion of cure mutation]
103408 | Slime:2  | Lost mutation: You expend magic power (3 MP) to slightly strengthen your wands. [potion of cure mutation]
103408 | Slime:2  | Lost mutation: You have a beak for a mouth. [potion of cure mutation]
103430 | Slime:3  | Noticed Dissolution
103438 | Slime:3  | Killed Dissolution
103523 | Slime:5  | Reached skill level 25 in Air Magic
103847 | Slime:6  | Entered Level 6 of the Pits of Slime
103903 | Slime:6  | Noticed the royal jelly
103934 | Slime:6  | Killed the royal jelly
104107 | Slime:6  | Got a slimy rune of Zot
104237 | Slime:6  | Identified the Papyrus of the Entourage (You found it on level 6 of the Pits of Slime)
104337 | Slime:4  | Gained mutation: You are clumsy. (Dex -2) [a shining eye]
104809 | Vaults:5 | Entered Level 5 of the Vaults
105331 | Vaults:5 | Gained mutation: Your magical capacity is low (-10% MP). [mutagenic meat]
105332 | Vaults:5 | Gained mutation: You can breathe flames. [mutagenic meat]
105345 | Vaults:5 | Got a silver rune of Zot
105347 | Vaults:5 | Identified the Incunabulum of Fetching Companions
105370 | Vaults:5 | Learned a level 6 spell: Deflect Missiles
105638 | Vaults:5 | Noticed Mennas
105681 | Vaults:5 | Killed Mennas
105931 | Vaults:5 | Reached skill level 26 in Air Magic
106687 | Zig:1    | Entered Level 1 of a ziggurat
106707 | Zig:2    | Entered Level 2 of a ziggurat
106767 | Zig:3    | Entered Level 3 of a ziggurat
106767 | Zig:3    | Noticed an ancient lich
106778 | Zig:3    | Killed an ancient lich
106782 | Zig:3    | Got a glittering graven amulet
106783 | Zig:3    | Identified the amulet "Zuluulaph" {rCorr +Blink rF+ MR- Str+4} (You found it on level 3 of a ziggurat)
106794 | Zig:4    | Entered Level 4 of a ziggurat
106866 | Zig:5    | Entered Level 5 of a ziggurat
106915 | Zig:5    | Got a transparent hat
106926 | Zig:5    | Identified the +2 hat of Eprousom {rC++ MP-9 Stlth+} (You acquired it on level 5 of a ziggurat)
106927 | Zig:5    | Got a brightly glowing cloak
106938 | Zig:5    | Identified the +1 cloak of the Bard {rPois} (You acquired it on level 5 of a ziggurat)
106962 | Zig:5    | Got a transparent robe
106968 | Zig:5    | Lost mutation: Your magical capacity is low (-10% MP). [potion of cure mutation]
106968 | Zig:5    | Lost mutation: You are clumsy. (Dex -2) [potion of cure mutation]
106968 | Zig:5    | Lost mutation: You can breathe flames. [potion of cure mutation]
106969 | Zig:5    | Gained mutation: You are agile. (Dex +2) [potion of beneficial mutation]
106970 | Zig:5    | Gained mutation: You have a pair of small horns on your head. [potion of beneficial mutation]
106974 | Zig:6    | Entered Level 6 of a ziggurat
107055 | Zig:7    | Entered Level 7 of a ziggurat
107073 | Zig:7    | Reached skill level 15 in Throwing
107092 | Zig:7    | Identified the Catalogue of Earthen Black Rituals (You found it on level 7 of a ziggurat)
107097 | Zig:7    | Got a warped ivory ring
107099 | Zig:7    | Identified the ring "Irghyskuu" {rF+ rN+ Str+3 Int+6 Slay+3 Stlth-} (You found it on level 7 of a ziggurat)
107101 | Zig:7    | Got an ancient large shield
107102 | Zig:7    | Identified the -3 large shield "Plog" {rF+ rC+} (You found it on level 7 of a ziggurat)
107111 | Zig:8    | Entered Level 8 of a ziggurat
107157 | Zig:9    | Entered Level 9 of a ziggurat
107224 | Zig:10   | Entered Level 10 of a ziggurat
107279 | Zig:11   | Entered Level 11 of a ziggurat
107300 | Zig:11   | Reached skill level 10 in Invocations
107308 | Zig:11   | HP: 8/278 [stone giant (11)]
107308 | Zig:11   | HP: 1/278 [iron troll (7)]
107308 | Zig:11   | Mangled by a stone giant

Inventory:

Hand weapons
 a - a +9 giant spiked club of chaos (weapon)
 l - a +9 giant spiked club of freezing
Missiles
 c - 207 large rocks (quivered)
Armour
 y - a +2 cloak of magic resistance (worn)
 M - the +2 hat of Eprousom {rC++ MP-9 Stlth+}
   (You acquired it on level 5 of a ziggurat)

   It greatly protects you from cold.
   It affects your magic capacity (-9).
   It makes you more stealthy.
 O - the +10 pearl dragon armour "Mnoakhog" (worn) {+Inv rN+ rCorr MP+9 Dex+3}
   (You found it in a treasure trove)

   It affects your dexterity (+3).
   It protects you from negative energy.
   It affects your magic capacity (+9).
   It lets you turn invisible.
   It protects you from acid and corrosion.
 R - the +2 hat "Twad" (worn) {Int+5}
   (You acquired it on level 4 of the Depths)

   It affects your intelligence (+5).
Magical staves
 b - an uncursed staff of wizardry
Jewellery
 o - the amulet of Exhibitionism (around neck) {Clar rElec rN+ SInv}
   (You found it on level 3 of the Depths)

   [amulet of clarity]

   It provides mental clarity.
   It insulates you from electricity.
   It protects you from negative energy.
   It enhances your eyesight.
 t - the ring "Irghyskuu" (right hand) {rF+ rN+ Str+3 Int+6 Slay+3 Stlth-}
   (You found it on level 7 of a ziggurat)

   [ring of strength]

   It affects your strength (+3).
   It affects your intelligence (+6).
   It affects your accuracy and damage with ranged weapons and melee attacks
   (+3).
   It protects you from fire.
   It protects you from negative energy.
   It makes you less stealthy.
 A - the cursed amulet of Chaitev {rMut rF+ Dex+5}
   (You found it on level 14 of a ziggurat)

   [amulet of resist mutation]

   It protects you from mutation.
   It affects your dexterity (+5).
   It protects you from fire.
   It has a curse placed upon it.
 L - an uncursed ring of teleportation
 P - the ring "Irusiasa" (left hand) {rC+ rN+ Dex+4}
   (You bought it in a shop on level 4 of the Orcish Mines)

   [ring of positive energy]

   It affects your dexterity (+4).
   It protects you from cold.
   It protects you from negative energy.
Magical devices
 d - a wand of heal wounds (3)
 u - a wand of teleportation (7)
 H - a wand of hasting (5)
 S - a wand of digging (15)
Scrolls
 g - 6 scrolls of magic mapping
 j - 26 scrolls of recharging
 q - 13 scrolls of blinking
 r - 30 scrolls of remove curse
 x - 19 scrolls of fog
 z - 6 scrolls of teleportation
 F - a scroll of brand weapon
 I - 2 scrolls of immolation
 Q - 8 scrolls of identify
 U - 4 scrolls of holy word
Potions
 e - 15 potions of curing
 m - 5 potions of might
 n - 7 potions of haste
 p - a potion of cure mutation
 s - 7 potions of agility
 w - 9 potions of restore abilities
 D - 7 potions of cancellation
 K - 4 potions of brilliance
Books
 h - a manual of Invocations
 k - a manual of Throwing
 C - a manual of Invocations
Miscellaneous
 v - a fan of gales
 J - an ornate deck of defence {the Cloud, drawn: 3}
 T - a lamp of fire (inert)
 X - a disc of storms
 Z - an ornate deck of defence {the Blade, drawn: 1}
Comestibles
 f - 17 meat rations
 i - 31 royal jellies
 B - 3 chunks of flesh

Table legend:
 A = Turns spent in this place as a percentage of turns spent in the entire game.
 B = Non-inter-level travel turns spent in this place as a percentage of non-inter-level travel turns spent in the entire game.
 C = Inter-level travel turns spent in this place as a percentage of turns spent in this place.
 D = Turns resting spent in this place as a percentage of non-inter-level travel turns spent in this place.
 E = Turns spent auto-exploring this place as a percentage of non-inter-level travel turns spent in this place.
 F = Non-inter-level travel turns spent in this place divided by the number of levels of this place that you've seen.
                   A       B       C       D       E      F
               +-------+-------+-------+-------+-------+----------------------
         Total | 100.0 | 100.0 |   0.5 |   4.7 |   7.3 | 352.5
       Dungeon |  18.4 |  18.3 |   0.9 |   4.0 |   7.3 | 430.2
        Temple |   0.1 |   0.1 |   3.6 |   0.0 |  40.7 |  27.0
          Lair |   7.1 |   7.1 |   1.1 |   4.4 |  10.3 | 311.8
         Swamp |   5.9 |   5.9 |   0.6 |   5.7 |   7.6 | 414.6
   Spider Nest |   3.7 |   3.7 |   0.4 |   4.0 |  10.3 | 263.4
    Slime Pits |   2.3 |   2.2 |   0.8 |   1.0 |   0.6 | 132.2
  Orcish Mines |   6.4 |   6.4 |   0.6 |   1.2 |   9.9 | 565.8
   Elven Halls |   4.2 |   4.2 |   0.8 |   8.6 |   6.0 | 496.7
        Vaults |  11.6 |  11.6 |   0.3 |   4.8 |   7.0 | 817.6
         Crypt |   4.3 |   4.3 |   0.2 |   4.4 |   6.2 | 504.0
        Depths |  10.3 |  10.2 |   0.9 |   6.0 |   5.9 | 722.6
         Abyss |  10.6 |  10.6 |   0.0 |   4.6 |  12.4 | 535.3
   Pandemonium |   7.4 |   7.4 |   0.0 |   7.8 |   5.6 | 653.2
      Ziggurat |   5.1 |   5.1 |   0.0 |   2.6 |   0.0 |  72.5
         Trove |   0.2 |   0.2 |   0.0 |   0.0 |   0.0 |  58.0
        Bailey |   0.4 |   0.4 |   0.0 |   2.5 |   6.3 | 158.0
      Ice Cave |   1.7 |   1.7 |   0.0 |   6.4 |   0.0 | 597.0
       Volcano |   0.4 |   0.4 |   0.0 |   1.4 |   0.0 | 144.0
               +-------+-------+-------+-------+-------+----------------------


   Skills:
 + Level 17.0 Fighting
 - Level 21.8 Maces & Flails
 + Level 15.7 Throwing
 + Level 13.4 Armour
 + Level 14.6 Dodging
 - Level 0.7 Stealth
 - Level 22.3 Spellcasting
 - Level 6.0 Charms
 - Level 2.0 Necromancy
 - Level 4.5 Translocations
 - Level 26.0 Air Magic
 * Level 10.3 Invocations
 - Level 10.9 Evocations


You had 42 spell levels left.
You knew the following spells:

 Your Spells              Type           Power        Failure   Level  Hunger
a - Apportation           Tloc           #####.....   1%          1    None
b - Swiftness             Chrm/Air       #######.     0%          2    None
c - Tornado               Air            ########..   14%         9    #######
d - Control Teleport      Chrm/Tloc      ######....   3%          4    None
f - Flight                Chrm/Air       #######...   0%          3    None
g - Regeneration          Chrm/Necr      #####.....   1%          3    None
h - Deflect Missiles      Chrm/Air       #######...   1%          6    #......


Dungeon Overview and Level Annotations

Branches:
Dungeon (15/15)            Temple (1/1) D:5            Lair (8/8) D:11
  Swamp (5/5) Lair:4       Spider (5/5) Lair:3        Slime (6/6) Lair:7
    Orc (4/4) D:11            Elf (3/3) Orc:4        Vaults (5/5) D:14
  Crypt (3/3) Vaults:3       Tomb (0/3) Crypt:3      Depths (5/5) D:15
    Zot (0/5) Depths:5

Altars:
Ashenzari
Cheibriados
Dithmenos
Elyvilon
Fedhas
Gozag
Kikubaaqudgha
Makhleb
Nemelex Xobeh
Okawaru
Qazlal
Ru
Sif Muna
Trog
Vehumet
Xom
Yredelemnul
Zin
The Shining One
Beogh

Shops:
D:5 }[   D:6 *   D:12 !   D:13 *   D:14 =[:(!   Orc:3 :   Orc:4 **([   Elf:1 =
Elf:2 ?   Vaults:2 *   Vaults:3 !

Portals:
Hell: Depths:1 Depths:2 Depths:3 Depths:4 Depths:5
Abyss: Depths:3 Depths:4
Pandemonium: Depths:1 Depths:3 Depths:4

Annotations:
Orc:4 exclusion: orc warrior


Innate Abilities, Weirdness & Mutations

You are too large for most types of armour.
You have tough skin (AC +1).
You have a pair of small horns on your head.
You are agile. (Dex +2)


Message History

You hit the stone giant but do no damage.
You headbutt the stone giant, but do no damage.
The stone giant is severely wounded.
The stone giant misses you. The iron troll bites you!!!
The iron troll claws you!!
The iron troll claws you but does no damage.
The stone giant barely misses you.
The stone giant hits you but does no damage.
The stone giant barely misses you.
You spit the stone giant like a pig!!!
You kill the stone giant!
Makhleb accepts your kill.
You feel a little better.
The winds around you start to calm down.
You float gracefully downwards.
The stone giant completely misses you. The stone giant hits you.
The stone giant hits you!!!
The iron troll bites you but does no damage.
The iron troll claws you. The iron troll claws you!
You hit the stone giant. You freeze the stone giant.
The stone giant is almost dead.
The stone giant completely misses you. The stone giant hits you!
The stone giant hits you! The iron troll bites you! The iron troll misses you.
The iron troll claws you!!
You are too injured to fight recklessly!
Unknown command.
You hit the iron troll.
The iron troll is almost dead.
The stone giant hits you!!! The stone giant hits you.
The orc warlord hits you but does no damage.
The stone giant hits you!!
Read which item? (? for menu, Esc to quit)
A powerful magic prevents control of your teleportation.
Your blink will be uncontrolled - continue anyway?
You blink.
As you read the scroll of blinking, it crumbles to dust.
You are engulfed in raging winds.
The stone giant hits you!
The iron troll bites you but does no damage.
The iron troll closely misses you. The iron troll claws you!
The stone giant hits you!
You die...

▓.......§§§.▓
▓▓▓▓▓▓......§§...▓▓▓▓
▓.........§§§....§....
▓........§(...§§§.§...
▓.........)§†§)§§).:||▓
▓........§)..)§§).§§§!▓
▓.......§.§§.§§o§§.§§∩▓
▓∩.......§.§.CTC).§§§>▓
▓...........§.C@§).§}∩▓
▓.........§.§§.....§[)▓
▓............§.§.§§...▓
▓..............§.§....▓
▓.....................▓
▓▓▓▓▓▓...........▓▓▓▓▓
.. .......▓ ......▓ ...


You could see an orc warlord, an iron troll (berserk) and 3 stone giants.

Table legend:
 A = Kills in this place as a percentage of kills in entire the game.
 B = Kills by you in this place as a percentage of kills by you in the entire game.
 C = Kills by friends in this place as a percentage of kills by friends in the entire game.
 D = Other kills in this place as a percentage of other kills in the entire game.
 E = Experience gained in this place as a percentage of experience gained in the entire game.
 F = Experience gained in this place divided by the number of levels of this place that you have seen.
                   A       B       C       D       E      F
               +-------+-------+-------+-------+-------+----------------------
         Total | 100.0 | 100.0 | 100.0 | 100.0 | 100.0 | 20704.7
       Dungeon |  12.9 |  13.0 |   0.0 |   0.0 |   2.8 | 3825.5
          Lair |   6.1 |   6.2 |   0.0 |   0.0 |   2.9 | 7412.6
         Swamp |   5.7 |   5.6 |  10.0 |  13.3 |   4.3 | 17775.0
   Spider Nest |   5.3 |   5.3 |   0.0 |   0.0 |   4.0 | 16709.6
    Slime Pits |   2.3 |   2.3 |   0.0 |   0.0 |   4.3 | 14873.0
  Orcish Mines |  10.2 |  10.2 |   0.0 |   0.0 |   1.5 | 7985.0
   Elven Halls |   3.8 |   3.8 |   0.0 |   0.0 |   5.4 | 37518.3
        Vaults |  14.3 |  14.1 |  40.0 |  66.7 |  20.6 | 85417.4
         Crypt |   4.0 |   4.0 |   0.0 |   0.0 |   5.8 | 39817.0
        Depths |   9.3 |   9.3 |  20.0 |   0.0 |  15.7 | 64880.0
         Abyss |   8.6 |   8.6 |   0.0 |   0.0 |  10.2 | 30150.3
   Pandemonium |   6.9 |   6.9 |   0.0 |  13.3 |  10.5 | 54218.2
      Ziggurat |   9.2 |   9.1 |  30.0 |   6.7 |  11.6 | 9600.6
        Bailey |   0.8 |   0.8 |   0.0 |   0.0 |   0.0 | 330.0
      Ice Cave |   0.6 |   0.6 |   0.0 |   0.0 |   0.3 | 6636.0
       Volcano |   0.1 |   0.1 |   0.0 |   0.0 |   0.1 | 1784.0
               +-------+-------+-------+-------+-------+----------------------

Vanquished Creatures
  the royal jelly (Slime:6)
  Dissolution (Slime:3)
  2 ancient liches (Zig:3)
  Mara (twice) (Swamp:4)
  A greater mummy (Zig:1)
  A shard shrike (Zig:5)
  Margery (Crypt:2)
  Saint Roka (Swamp:3)
  Mennas (Vaults:5)
  A Killer Klown (Zig:4)
  10 golden dragons
  3 pandemonium lords (Pan)
  Frederick (Vaults:3)
  7 bone dragons (Abyss:1)
  A Brimstone Fiend (Depths:1)
  Nikola (Swamp:5)
  4 tentacled monstrosities
  2 hellephants
  2 Ice Fiends (Pan)
  4 Hell Sentinels
  15 liches
  6 deep elf blademasters
  Asterion (Swamp:2)
  4 titans
  8 deep elf master archers
  3 Shadow Fiends (Pan)
  5 quicksilver dragons
  18 acid blobs
  7 sphinxes
  4 Executioners
  An octopode crusher (Abyss:3)
  18 tentacled starspawn
  Agnes (Spider:3)
  5 shadow dragons
  4 storm dragons
  3 revenants
  A thorn hunter (Swamp:4)
  4 ancient champions
  10 tengu reavers
  Roxanne (Elf:1)
  9 azure jellies
  3 daevas (Abyss:1)
  4 iron dragons
  6 orc warlords
  11 frost giants
  18 deep elf sorcerers
  2 black suns (Pan)
  Aizul (Elf:2)
  3 cacodemons
  15 emperor scorpions
  2 draconian knights (Zig:9)
  4 curse skulls
  15 vault wardens
  3 draconian scorchers
  15 fire giants
  4 ghost moths
  An angel (Abyss:1)
  Gastronok (D:9)
  5 balrugs (Pan)
  5 war gargoyles
  3 ghouls
  Jorgrun (Swamp:2)
  3 spriggan defenders
  10 very ugly things
  A Killer Klown zombie (Crypt:2)
  2 draconian annihilators (Zig:9)
  34 stone giants
  5 blood saints (Pan)
  A draconian shifter (Zig:9)
  20 ironheart preservers
  7 reapers
  2 caustic shrike skeletons
  A warmonger (Pan)
  2 salamander firebrands (Depths:3)
  2 vampire knights
  53 large abominations
  12 chaos champions
  8 deep elf demonologists
  An ophan (Abyss:1)
  7 corrupters (Pan)
  A red draconian (Abyss:1)
  3 white draconians
  8 dire elephants
  2 mottled draconians
  3 yellow draconians (Zig:9)
  2 black draconians
  2 pale draconians (Depths:5)
  8 lorocyprocas
  11 deep elf annihilators
  A purple draconian (Depths:5)
  2 unborn
  16 ettins
  A crystal guardian (Vaults:5)
  3 green deaths
  14 jiangshi
  4 blizzard demons (Pan)
  5 fire dragons
  13 deep elf death magi
  2 merfolk impalers
  3 eidola
  9 death oozes (Slime:6)
  4 rakshasas
  2 mummy priests
  25 vault guards (Vaults:5)
  A caustic shrike simulacrum (Depths:2)
  34 yaktaur captains
  9 deep elf high priests
  A spectral tengu (Vaults:3)
  A quicksilver dragon skeleton (Depths:2)
  15 great orbs of eyes
  Nessos (Swamp:1)
  12 catoblepae
  8 monstrous demonspawn (Pan)
  5 hell beasts
  15 hydras
  22 ice dragons
  5 ghost crabs
  4 spriggan air magi (Depths:3)
  10 deep troll earth magi
  13 centaur warriors
  10 alligators
  17 dancing weapons
  11 ogre magi
  5 deep troll shamans
  5 vampire magi
  5 tengu warriors
  17 orc high priests
  A death knight (Crypt:2)
  4 hell hogs (Abyss:1)
  14 thrashing horrors
  34 death yaks
  2 titan zombies
  10 spriggan berserkers
  4 hell knights
  24 deep elf knights
  7 soul eaters
  A storm dragon zombie (Vaults:1)
  2 salamander mystics (Depths:3)
  6 sun demons
  10 wretched stars
  2 fire crabs
  An iron troll (Zig:13)
  2 spatial maelstroms (Abyss:1)
  A cherub (Pan)
  5 shadow wraiths
  31 deep trolls
  7 unseen horrors
  14 gelid demonspawn (Pan)
  3 golden dragon zombies
  7 putrid demonspawn (Pan)
  7 giant orange brains
  14 skeletal warriors
  16 deep elf summoners
  A lindwurm (shapeshifter) (Vaults:3)
  2 spriggan druids (Swamp:4)
  29 infernal demonspawn
  5 shadow demons
  11 hill giants
  15 flayed ghosts
  21 ironbrand convokers
  24 deep elf conjurers
  5 ice statues (IceCv)
  8 ice devils
  A shambling mangrove (Swamp:4)
  An obsidian statue (Zig:11)
  3 shadow dragon zombies
  3 swamp dragons
  Pikel (D:6)
  An iron dragon zombie (Zig:8)
  A golden dragon skeleton (Crypt:2)
  20 orb spiders
  A lindwurm (Abyss:1)
  53 ugly things
  15 orc knights
  4 fire giant zombies
  11 harpies
  18 torturous demonspawn (Pan)
  33 wolf spiders
  13 necromancers
  16 phantasmal warriors
  5 wizards
  17 orc sorcerers
  15 hornets
  A tengu skeleton (Zig:7)
  5 oklob plants (Zig:5)
  2 shadow dragon skeletons
  5 human zombies
  4 salamanders
  2 toenail golems (Volcano)
  5 worldbinders
  2 stone giant zombies
  A harpy (shapeshifter) (Abyss:1)
  5 griffons
  A water nymph (shapeshifter) (Depths:4)
  A frost giant zombie (Depths:2)
  10 sixfirhies
  3 manticores
  4 frost giant skeletons
  13 fire giant skeletons
  6 shining eyes
  7 elephants
  8 black mambas
  2 draconians (shapeshifter)
  23 orange demons
  3 stone giant skeletons
  2 fauns (shapeshifter)
  2 apocalypse crabs (Abyss:1)
  A drowned soul (Abyss:3)
  A guardian serpent (Pan)
  8 moths of wrath
  29 smoke demons
  3 iron dragon skeletons
  2 spiny frogs (shapeshifter)
  2 eyes of devastation
  6 gargoyles
  A shock serpent skeleton (Crypt:2)
  An octopode (shapeshifter) (Vaults:4)
  3 torpor snails
  10 rust devils
  15 vault sentinels
  10 cyclopes
  5 spriggan skeletons (Depths:2)
  A komodo dragon (shapeshifter) (Vaults:1)
  27 spiny frogs
  5 hellions
  2 spriggan zombies
  A black draconian zombie (Crypt:2)
  13 tormentors
  56 yaktaurs
  An emperor scorpion zombie (Crypt:2)
  11 ancient zymes
  An alligator snapping turtle skeleton (Crypt:2)
  28 demonic crawlers
  4 human skeletons
  13 komodo dragons
  20 deep elf priests
  4 tengu conjurers
  A yaktaur skeleton (Vaults:1)
  A guardian mummy (Depths:5)
  15 red devils
  6 efreet
  37 small abominations
  7 kobold demonologists
  An air elemental (Depths:3)
  A black draconian skeleton (Crypt:1)
  A hydra zombie (Crypt:2)
  17 freezing wraiths
  A queen bee (shapeshifter) (Vaults:2)
  A yellow draconian skeleton (Crypt:2)
  2 baby alligators
  101 slime creatures
  11 trolls
  A shadow dragon simulacrum (Vaults:4)
  4 fire drakes
  35 jumping spiders
  41 hellwings
  30 raiju
  13 blue devils
  A jumping spider (shapeshifter) (Vaults:2)
  19 two-headed ogres
  Grinder (D:4)
  A hydra skeleton (Abyss:1)
  Prince Ribbit (Lair:1)
  2 polar bears
  A harpy skeleton (Crypt:3)
  A fire dragon zombie (Crypt:1)
  23 ravens
  8 giant leeches
  A queen bee (Depths:3)
  13 bog bodies
  An ettin zombie (Depths:2)
  2 ushabtiu (Crypt:3)
  5 basilisks
  33 blink frogs
  2 fire giant simulacra
  8 boulder beetles
  28 tarantellas
  2 fire elementals (Zig:11)
  A redback (shapeshifter) (Depths:4)
  10 shadows
  7 vampires
  2 ettin skeletons
  A hog (shapeshifter) (Depths:3)
  19 trapdoor spiders
  13 water elementals
  9 fire dragon skeletons (Crypt:3)
  59 redbacks
  A spriggan (shapeshifter) (Zig:5)
  4 wyverns
  32 ynoxinuls
  19 wraiths
  19 flying skulls
  A human (shapeshifter) (D:15)
  4 humans (Volcano)
  Eustachio (D:6)
  2 fire bats (shapeshifter)
  7 spriggans
  16 hippogriffs
  Grum (Orc:3)
  50 deep elf magi
  A black mamba skeleton (Abyss:1)
  6 chaos spawn
  12 spatial vortices (Abyss:1)
  A yaktaur simulacrum (Vaults:2)
  21 wolves
  24 vampire mosquitoes
  5 hungry ghosts
  3 golden eyes
  23 neqoxecs
  2 elf skeletons
  38 yaks
  A putrid demonspawn zombie (Crypt:1)
  A soldier ant (shapeshifter) (Vaults:1)
  26 swamp worms
  Edmund (D:7)
  5 steam dragons
  51 deep elf fighters
  30 insubstantial wisps
  13 wargs
  13 porcupines
  7 hell hounds (Abyss:1)
  A black bear (D:10)
  83 orc warriors
  15 hydra simulacra (Swamp:5)
  8 swamp worm simulacra (Swamp:5)
  A hornet simulacrum (Vaults:1)
  A deep troll skeleton (Vaults:4)
  A necrophage (Crypt:2)
  25 water moccasins
  3 phantoms
  27 spiders
  7 eyes of draining
  3 sky beasts
  14 swamp drakes
  35 starcursed masses
  50 ogres
  A lindwurm zombie (Crypt:1)
  28 ice beasts
  28 centaurs
  A slave (D:6)
  27 crocodiles
  An ettin simulacrum (Abyss:1)
  10 boggarts (Vaults:3)
  2 boggarts (shapeshifter)
  3 boring beetles
  14 wasps
  An elephant skeleton (Crypt:1)
  Duvessa (D:4)
  2 brain worms (Abyss:1)
  4 big kobolds
  13 giant frogs
  A glowing shapeshifter simulacrum (Depths:2)
  A giant frog (shapeshifter) (Vaults:3)
  An earth elemental (Abyss:1)
  A salamander skeleton (Crypt:2)
  2 gnoll sergeants
  7 scorpions
  3 human simulacra
  26 wights
  35 killer bees
  2 elf zombies
  6 electric eels
  Dowan (D:4)
  5 crimson imps
  2 giant frog zombies
  6 goliath beetles
  A spectral giant frog (Swamp:5)
  10 iron imps
  38 orc priests
  2 centaur zombies
  A wasp zombie (D:10)
  18 jellies
  48 orc wizards
  6 quasits
  12 hell rats
  12 hounds
  2 giant frog skeletons
  3 centaur skeletons
  Natasha (thrice) (D:4)
  15 iguanas
  2 elf simulacra
  3 troll simulacra (IceCv)
  8 worker ants
  A lightning spire (Zig:8)
  19 sheep
  2 spriggan simulacra
  3 centaur simulacra (IceCv)
  A felid zombie (Crypt:1)
  A dwarf skeleton (Crypt:1)
  18 mummies
  A worker ant zombie (D:6)
  30 gnolls
  24 river rats
  32 adders
  2 naga simulacra (IceCv)
  An ogre simulacrum (IceCv)
  5 shadow imps
  9 white imps (Abyss:1)
  A giant mite (D:4)
  6 worms
  27 ufetubi
  A halfling zombie (Crypt:1)
  3 orc zombies (Orc:4)
  2 giant geckos
  6 oozes
  389 orcs
  A ball python (D:1)
  2 bat skeletons (D:4)
  3 giant cockroaches
  40 goblins
  35 hobgoblins
  15 jackals
  A ball python skeleton (D:4)
  14 bats
  A giant cockroach zombie (D:6)
  2 giant gecko skeletons
  6 giant newts
  A jackal skeleton (D:7)
  65 kobolds
  A kobold zombie (Crypt:1)
  12 quokkas
  16 rats
  3 briar patches (Swamp:4)
  2 crawling corpses (Vaults:5)
  4 fungi
  2 macabre masses (Vaults:3)
  4 plants
  9 starspawn tentacles
4379 creatures vanquished.

Vanquished Creatures (collateral kills)
  A lich (Depths:3)
  A fire giant (Vaults:5)
  A frost giant (Vaults:5)
  An ettin (Vaults:5)
  A flayed ghost (Vaults:5)
  An orc sorcerer (Zig:11)
  A yaktaur (Depths:3)
  An insubstantial wisp (Swamp:2)
  An orc (Zig:11)
  A goblin (Zig:11)
10 creatures vanquished.

Vanquished Creatures (others)
  A thorn hunter (Swamp:5)
  2 tengu reavers (Vaults:5)
  An ironheart preserver (Vaults:3)
  A stone giant (Vaults:5)
  A blood saint (Pan)
  A blizzard demon (Pan)
  3 ettins
  A deep elf high priest (Vaults:5)
  A great orb of eyes (Vaults:5)
  A deep troll (Vaults:5)
  A shadow dragon zombie (Vaults:5)
  An unseen horror (Vaults:1)
  A drowned soul (Abyss:3)
  A yaktaur (Vaults:3)
  A giant leech (Swamp:2)
  A two-headed ogre (Vaults:5)
  3 fire elementals
  A slime creature (Vaults:3)
  An ettin zombie (Vaults:5)
  2 deep elf magi
  A ynoxinul (Pan)
  A swamp worm (Swamp:1)
  A swamp drake (Zig:9)
  A boggart (shapeshifter) (Vaults:3)
  An ogre (Vaults:4)
  11 lost souls
  A scorpion (Zig:10)
  A hell rat (Zig:11)
  An orc wizard (D:6)
  An adder (Zig:12)
  A white imp (Slime:5)
  4 ufetubi (Pan)
  3 orcs
  A kobold (D:12)
  A quokka (D:6)
  A ball python skeleton (D:6)
  A bat (D:6)
  A lurking horror (Abyss:1)
  3 fungi
  5 plants
  32 starspawn tentacles
  72 starspawn tentacle segments
171 creatures vanquished.

Grand Total: 4560 creatures vanquished

Action                   |  1- 3 |  4- 6 |  7- 9 | 10-12 | 13-15 | 16-18 | 19-21 | 22-24 | 25-27 || total
-------------------------+-------+-------+-------+-------+-------+-------+-------+-------+-------++-------
Melee: Short sword       |    58 |       |       |       |       |       |       |       |       ||    58
       Club              |    27 |       |       |       |       |       |       |       |       ||    27
       Whip              |    80 |   127 |       |       |       |       |       |       |       ||   207
       Flail             |       |    87 |   321 |   706 |   241 |       |       |       |       ||  1355
       Giant spiked club |       |       |       |       |  1506 |  1216 |  1245 |  1495 |  4057 ||  9519
       Unarmed           |       |       |       |       |       |       |       |       |    40 ||    40
       Staff             |       |       |       |       |       |       |       |       |    53 ||    53
 Fire: Blowgun           |       |       |       |     3 |       |       |       |       |       ||     3
Throw: Large rock        |     6 |    18 |    46 |    99 |    24 |    50 |     6 |    75 |    89 ||   413
       Throwing net      |     1 |     2 |     4 |     1 |     1 |       |       |       |       ||     9
       Javelin           |       |       |       |    29 |    36 |       |       |       |       ||    65
 Cast: Apportation       |       |       |       |       |       |       |       |     2 |    29 ||    31
       Swiftness         |       |       |       |       |       |       |       |     1 |       ||     1
       Repel Missiles    |       |       |       |       |       |       |       |       |     9 ||     9
       Control Teleport  |       |       |       |       |       |       |       |       |     2 ||     2
       Flight            |       |       |       |       |       |       |       |       |     1 ||     1
       Regeneration      |       |       |       |       |       |       |       |       |    68 ||    68
       Tornado           |       |       |       |       |       |       |       |       |    17 ||    17
       Deflect Missiles  |       |       |       |       |       |       |       |       |     2 ||     2
Invok: Heroism           |       |       |       |     6 |     8 |    10 |       |     1 |     6 ||    31
       Finesse           |       |       |       |       |     2 |     3 |       |       |     4 ||     9
 Abil: Evoke Invisibilit |       |       |       |       |       |     2 |       |       |       ||     2
       Evoke Teleportati |       |       |       |       |       |       |       |       |    88 ||    88
Evoke: Wand              |       |       |     5 |     3 |     3 |     1 |     2 |     2 |     9 ||    25
       Lamp of fire      |       |       |       |       |       |       |       |     3 |     5 ||     8
       Fan of gales      |       |       |       |       |       |       |       |       |     2 ||     2
       Deck              |       |       |       |       |       |       |       |       |     5 ||     5
  Use: Scroll            |       |       |    10 |     6 |    26 |    13 |    13 |    20 |    56 ||   144
       Potion            |       |       |       |     1 |     5 |     7 |     3 |     3 |    42 ||    61
 Stab: Held in net/web   |     1 |       |     1 |     1 |       |       |       |       |       ||     3
       Distracted        |       |     1 |       |     2 |       |       |       |       |     3 ||     6
       Sleeping          |       |       |       |     2 |       |       |       |       |       ||     2
       Petrifying        |       |       |       |       |     2 |       |       |       |    16 ||    18
       Confused          |       |       |       |       |       |     2 |       |       |    10 ||    12
       Invisible         |       |       |       |       |       |     4 |       |     8 |       ||    12
       Paralysed         |       |       |       |       |       |       |       |       |    27 ||    27
       Petrified         |       |       |       |       |       |       |       |       |     5 ||     5
  Eat: Chunk             |     3 |    10 |    13 |    24 |    48 |    35 |    39 |    43 |    60 ||   275
       Fruit             |       |       |     1 |     7 |       |       |       |       |    34 ||    42
       Beef jerky        |       |       |       |     1 |     1 |     1 |       |     3 |       ||     6
       Bread ration      |       |       |       |       |     2 |       |       |       |     1 ||     3
       Pizza             |       |       |       |       |       |     5 |     1 |       |     1 ||     7
       Meat ration       |       |       |       |       |       |       |       |       |    15 ||    15
       Royal jelly       |       |       |       |       |       |       |       |       |     6 ||     6

Vault maps used:
D:1:      minmay_arrival_solitary_statue
D:2:      first_bread
D:3:      lemuel_crystal_altar
D:4:      led_sif_book, st_stairs_9, uniq_natasha, uniq_grinder, uniq_duvessa
D:5:      minitemple, vehumet_altar_wand_db, minmay_temple_entry_glassed_door,
          serial_shops, shop, kennysheep_mini
D:6:      serial_shops, shop, uniq_eustachio, uniq_pikel
D:7:      uniq_edmund
D:8:      lemuel_crystal_altar, trog_eyes_of_draining,
          hangedman_little_slice_of_home, hangedman_decor_clover_reticule
D:9:      fedhas_altar_4, uniq_gastronok
D:10:     grunt_potential
D:11:     david_lair_generic, orc_0_dummy, hangedman_corner_corridor
D:12:     serial_shops, nicolae_shop_crystal, portal_ice_cave_entry_ice_beasts,
          nicolae_two_hexagons
D:13:     enter_bailey_7, serial_shops, nicolae_shop_statue_plus,
          kennysheep_four_rooms
D:14:     david_vaults_1, serial_shops,
          nicolae_shop_competitors_out_of_business, nicolae_shop_behind_doors,
          nicolae_shop_temple_entry_statues_fountains,
          nicolae_shop_behind_doors, nicolae_shop_stone,
          minmay_misc_feat_more_columns
D:15:     grunt_enter_depths_hoard, roderic_serpentine_path
Temple:   oiseaux_autumnal_temple_12
Lair:1:   small_statue_intersection, grunt_forest_large_clearing_hut,
          lemuel_fruit_tree, lemuel_fruit_fields, uniq_prince_ribbit2
Lair:3:   nicolae_spider_entry_tight_spaces, enter_volcano_3
Lair:4:   swamp_mist
Lair:7:   slime_dummy, grunt_megastairs_3, infiniplex_staircase_pool_2
Lair:8:   evilmike_catoblepas_cave
Swamp:1:  hangedman_swamp_blocks, swamp_pool4, uniq_nessos
Swamp:2:  evilmike_swamp_ruin_rubble_2, uniq_asterion, uniq_jorgrun
Swamp:3:  evilmike_swamp_ruin_house_4, swamp_pool5, uniq_saint_roka
Swamp:4:  hangedman_swamp_lotus, swamp_pool1, uniq_mara
Swamp:5:  swamp_icy, infiniplex_staircase_pool, uniq_nikola
Spider:2: nicolae_spider_cling_ruins
Spider:3: uniq_agnes
Spider:5: guppyfry_spider_rune
Slime:3:  uniq_dissolution
Slime:5:  cheibrodos_slime_lost_civilization_5
Orc:2:    basic_altar
Orc:3:    serial_shops, shop, basic_altar, nicolae_orc_pool_cavern, elf_legates,
          uniq_grum
Orc:4:    pubby_orc_utopia
Elf:1:    serial_shops, shop, minivault_28, uniq_roxanne
Elf:2:    serial_shops, shop, basic_altar, nicolae_elf_stair_hall, uniq_aizul
Elf:3:    minmay_elf_hall_quartered_circle, minivault_24
Vaults:1: nicolae_vaults_windows_and_doors_thing,
          nicolae_vaults_twisting_passages, v_misc_16, grunt_vaults_swirl,
          vaults_mumra_hex, st_cross, grunt_vaults_trifunnel, v_misc_13,
          nicolae_vaults_little_squares_4, hangedman_vaults_river_flow
Vaults:2: nicolae_vaults_fighting_squares, v_misc_14, grunt_vaults_funnel,
          grunt_vaults_twisty, v_misc_5, v_misc_3, dpeg_vaults_monster_box,
          vaults_room_pool, serial_shops, shop
Vaults:3: vaults_mumra_minichess, hangedman_vaults_corner,
          ontoclasm_vaults_bender, v_misc_24, minmay_crypt_entry_simple_statues,
          vaults_mumra_chevron, nicolae_vaults_three_branches, v_misc_13,
          vaults_room_grid, nicolae_vaults_little_squares_2,
          ontoclasm_vaults_ligature, nicolae_vaults_c_with_doors,
          ontoclasm_vaults_chip, ontoclasm_vaults_twist, vaults_mumra_hexcomb,
          serial_shops, shop, uniq_frederick
Vaults:4: nicolae_vaults_little_squares_6, v_misc_4, vaults_room_hallway,
          nicolae_vaults_theta, nicolae_vaults_asterisk,
          nicolae_vaults_ninety_degrees, nicolae_vaults_shelves_hall,
          vaults_room_fours, grunt_vaults_hallway_short, vaults_room_large_hall,
          nicolae_vaults_little_squares_6, ontoclasm_vaults_chip,
          nicolae_vaults_mini_display_case, basic_altar
Vaults:5: serial_shops, uniq_mennas
Crypt:1:  crypt_curse_skull_rare, crypt_curse_skull, grunt_crypt_arrival_webbed
Crypt:2:  uniq_margery
Crypt:3:  quadcrypt_mu
Depths:1: serial_sigils_hangedman_scar, rand_demon_pan_entry_4, hell_entry,
          laboratory, serial_bayou_shore_b, serial_bayou_shore_a
Depths:2: evilmike_negative_zone, hellmouth_1, baited_tele_trap
Depths:3: box_level_dp, hell_entry, serial_shops, abyss_entry, pan_entry
Depths:4: evilmike_cross, serial_column_ruins, column_ruins_portal_hut,
          column_ruins_temple_hut, column_ruins_corridor_corner,
          column_ruins_open_small, column_ruins_grid_3, column_ruins_grid_3,
          column_ruins_open_tiny, column_ruins_grid_1, grunt_mini_vestibule,
          hangedman_abyss_entry_splay
Depths:5: grunt_zot_entry_alcove, hangedman_decor_growths, hangedman_geh_valley,
          nicolae_trove_entry_path_of_doom, grunt_ministairs_14
Abyss:1:  minivault_24, evilmike_abyss_exit_11, minivault_1
Abyss:2:  evilmike_abyss_exit_16
Pan:      evilmike_mini_pan_T, evilmike_mini_pan_V, evilmike_mini_pan_diamond,
          lemuel_hall_of_pain, enter_ziggurat_pan_a,
          nicolae_pan_gloorx_vloqian_4
Zig:5:    ziggurat_pillar_centre_oklobs
Zig:9:    ziggurat_pillar_centre_c
Zig:10:   ziggurat_pillar_centre_smoke
Zig:11:   ziggurat_pillar_centre_k
Trove:    trove_armour_2
Bailey:   bailey_axe_2, bailey
IceCv:    ice_cave_tombish
Volcano:  volcano_bunker
